 Dungeon Crawl Stone Soup version 0.31-a0-879-g1609e0ac53 (webtiles) character file.

Game seed: 4783160295313388397

187 Armakuni the Slasher (level 5, -4/37 HPs)
             Began as a Human Wanderer on Oct 14, 2023.
             Slain by Crazy Yiuf
             ... wielding a +4 quarterstaff of chaos
              (9 damage)
             ... on level 4 of the Dungeon.
             The game lasted 00:06:29 (3057 turns).

Armakuni the Slasher (Human Wanderer)               Turns: 3057, Time: 00:06:29

Health: -4/37      AC:  6    Str: 15    XL:     5   Next: 99%
Magic:  6/6        EV: 10    Int: 15    God:
Gold:   527        SH:  0    Dex: 15    Spells: 6/6 levels left

rFire   . . .        a - +2 scimitar (drain)
rCold   . . .        (no shield)
rNeg    . . .        k - +0 ring mail
rPois   .            (no helmet)
rElec   .            (no cloak)
rCorr   .            (no gloves)
SInv    .            l - +0 pair of boots
Will    .....        (no amulet)
Stlth   +            I - +6 ring of intelligence
HPRegen 0.26/turn    (no ring)
MPRegen 0.10/turn

%: no passive effects
@: lethally poisoned (-4 -> -7)
A: no striking features
a: no special abilities


You were on level 4 of the Dungeon.
You visited 1 branch of the dungeon, and saw 4 of its levels.

You collected 893 gold pieces.
You spent 366 gold pieces at shops.

Inventory:

Hand Weapons
 a - a +2 scimitar of draining (weapon)
Missiles
 f - a throwing net
Armour
 b - a +1 plate armour of poison resistance
 k - a +0 ring mail (worn)
 l - a +0 pair of boots (worn)
Jewellery
 I - a +6 ring of intelligence (left hand)
Scrolls
 c - a scroll of poison
 d - 2 scrolls of blinking
 e - a scroll of vulnerability
 g - 4 scrolls of teleportation
 j - 2 scrolls of silence
 o - a scroll of enchant weapon {unknown}
 p - a scroll of revelation {unknown}
Potions
 h - a potion of curing
 i - 2 potions of heal wounds
 m - a potion of might {unknown}
 n - 2 potions of haste {unknown}


   Skills:
 - Level 1.0 Fighting
 - Level 2.0(3.8) Short Blades
 + Level 5.2(5.4) Long Blades
 - Level 2.0 Axes
 - Level 1.0 Armour
 - Level 1.0 Dodging
 - Level 1.0 Spellcasting
 - Level 1.0 Invocations
 - Level 1.0 Evocations


You had 6 spell levels left.
You didn't know any spells.
Your spell library contained the following spells:

 Spells                   Type           Power      Damage    Failure   Level
 Ensorcelled Hibernation  Hex/Ice        0%         N/A       58%         2
 Jinxbite                 Hex            0%         N/A       58%         2
 Ozocubu's Armour         Ice            0%         N/A       82%         3
 Anguish                  Hex/Necr       0%         N/A       99%         4
 Ozocubu's Refrigeration  Ice            0%         4d7       100%        7


Dungeon Overview and Level Annotations

Branches:
Dungeon (4/15)
 Temple: D:4-7

Altars:
Ashenzari

Shops:
D:2 *

Annotations:
D:4 Crazy Yiuf


Message History

The iguana bites you but does no damage.
You hit the iguana.
The iguana is almost dead.
The goblin closely misses you. The iguana barely misses you.
The iguana bites you but does no damage.
The goblin hits you but does no damage.
You hit the iguana.
You kill the iguana!
The goblin hits you but does no damage.
Your Long Blades skill increases to level 5!
You hit the goblin.
You kill the goblin!
Found a hammer.
Found two hammers.
You see here a +0 hammer.
Found seven hammers.
Found a runed translucent door.
You see here a +0 hammer.
Found a hammer.
Crazy Yiuf shouts!
Crazy Yiuf screams, "Whiteboard down high!"
You see here a +0 hammer.
You see here a +0 hammer.
Found two hammers and a bloodstained hammer.
Crazy Yiuf yells, "Spliff!
Ten tea toodlewoodle."
You see here a +0 hammer.
You open the door. You barely miss Crazy Yiuf.
Crazy Yiuf hits you with a +4 quarterstaff of chaos!
You are poisoned.
You hit Crazy Yiuf. You drain Crazy Yiuf.
Crazy Yiuf is heavily wounded.
You feel sick.
Crazy Yiuf hits you with a +4 quarterstaff of chaos!
Crazy Yiuf freezes you!
* * * LOW HITPOINT WARNING * * *
You hit Crazy Yiuf. You drain Crazy Yiuf.
Crazy Yiuf is almost dead.
You feel sick.
Crazy Yiuf hits you with a +4 quarterstaff of chaos!
You die...

##########.#
.# #.....##
### #.......
#....... #####
#....... #).)#
#####...†.##
#)))#
#.........##
)))
####......#.
#g# #......#.
#@## #......#.
##)# #.####.#.
#)## ####.#
#.#) ##)#
#..#.# #...
##)## #..#.#
###. ##P.)#
#..#. #.
#PP..# #..# ##
#....# #..#
######
#####..####).#
......


You could see Crazy Yiuf (very drained).

Vanquished Creatures
  An iguana (D:4)
  3 adders
  7 gnolls
  2 worms (D:4)
  2 orcs (D:3)
  5 bats
  6 endoplasms
  A giant cockroach (D:4)
  6 goblins
  7 hobgoblins
  6 kobolds
  4 quokkas
  2 ball pythons
  2 frilled lizards (D:1)
  5 rats
59 creatures vanquished.

Notes
Turn   | Place    | Note
-------+----------+-------------------------------------------
     0 | D:1      | Armakuni the Human Wanderer began the quest for the Orb.
     0 | D:1      | Armakuni set off with the following items: a +2 short
                  | sword, a +0 hand axe, a wand of flame (5), a scroll of
                  | blinking, a +0 leather armour.
     0 | D:1      | Reached XP level 1. HP: 15/15 MP: 2/2
    77 | D:1      | Reached skill level 1 in Long Blades
    81 | D:1      | Reached XP level 2. HP: 13/21 MP: 3/3
   206 | D:1      | Reached skill level 2 in Long Blades
   217 | D:1      | Identified a scroll of acquirement
   217 | D:1      | Acquired 727 gold pieces
   429 | D:1      | Reached XP level 3. HP: 25/26 MP: 4/4
   988 | D:2      | Found Kyr Pite's General Store.
   996 | D:2      | Bought a scroll of vulnerability for 52 gold pieces
   996 | D:2      | Bought a +2 scimitar of draining for 249 gold pieces
   996 | D:2      | Bought a potion of heal wounds for 65 gold pieces
  1107 | D:2      | Reached skill level 3 in Long Blades
  1109 | D:2      | Reached XP level 4. HP: 23/32 MP: 5/5
  1319 | D:2      | Found a faded altar of an unknown god.
  1936 | D:2      | Reached skill level 4 in Long Blades
  2004 | D:3      | Reached XP level 5. HP: 34/37 MP: 6/6
  2129 | D:3      | Found a broken altar of Ashenzari.
  2997 | D:4      | Reached skill level 5 in Long Blades
  3050 | D:4      | Found a runed translucent door.
  3051 | D:4      | Noticed Crazy Yiuf
  3057 | D:4      | Slain by Crazy Yiuf

Illustrated notes

Levels and vault maps discovered:
D:1:      ldierk_walled_garden_2, layout_basic
D:2:      layout_basic, serial_shops, shop,
          chequers_ecumenical_altar_simple_redux, chequers_mini_garden
D:3:      layout_loops_ring, mainiacjoe_overflow_cross_hatched,
          kennysheep_another_room, kennysheep_decorative_pillar,
          saegor_snake_ambush
D:4:      layout_basic, uniq_pikel, uniq_crazy_yiuf_cottage

Skill      XL: |  1  2  3  4  5 |
---------------+----------------+-----
Long Blades    | 1 2 3 4 5 |  5.2
Fighting       | |  1.0
Short Blades   | |  2.0
Axes           | |  2.0
Armour         | |  1.0
Dodging        | |  1.0
Spellcasting   | |  1.0
Invocations    | |  1.0
Evocations     | |  1.0

Action                     |  1- 3 |  4- 6 || total
---------------------------+-------+-------++-------
  Melee: Short sword       |    65 |       ||    65
         Scimitar          |     3 |    91 ||    94
         Punch             |       |     2 ||     2
  Evoke: Wand              |     5 |       ||     5
    Use: Scroll            |     5 |     2 ||     7
         Potion            |     1 |       ||     1
   Stab: Sleeping          |     1 |       ||     1
 Armour: Leather armour    |    27 |       ||    27
         Ring mail         |     4 |    77 ||    81
  Dodge: Dodged            |    30 |    52 ||    82

Table legend: (Time is in decaauts)
 A = Elapsed time spent in this place.
 B = Non-inter-level travel time spent in this place.
 C = Inter-level travel time spent in this place.
 D = Time resting spent in this place.
 E = Time spent auto-exploring this place.
 F = Levels seen in this place.
 G = Mean time per level.
                   A        B        C        D        E       F      G
               +--------+--------+--------+--------+--------+-----+--------+
         Total |   3085 |   2966 |    119 |    385 |   2011 |   4 |  771.2 |
       Dungeon |   3085 |   2966 |    119 |    385 |   2011 |   4 |  771.2 |
               +--------+--------+--------+--------+--------+-----+--------+

Top non-repeatable levels by time:
     D:2: 1235 daAuts
     D:3: 830 daAuts
     D:1: 747 daAuts
     D:4: 272 daAuts
